 Dungeon Crawl Stone Soup version 0.30.0-20-g3615ddf2f0 (webtiles) character file.

Game seed: 1739108268043845605

12557 qw the Cleaver (level 11, -4/71 HPs)
             Began as a Gargoyle Fighter on May 29, 2023.
             Was a High Priest of Okawaru.
             Killed from afar by a gargoyle (10 damage)
             ... with a stone arrow
             ... on level 11 of the Dungeon.
             The game lasted 00:05:45 (9837 turns).

qw the Cleaver (Gargoyle Fighter)                   Turns: 9837, Time: 00:05:45

Health: -4/71      AC: 35    Str: 31    XL:     11   Next: 95%
Magic:  16/17      EV: 10    Int:  8    God:    Okawaru [*****.]
Gold:   267        SH:  6    Dex:  9    Spells: 10/10 levels left

rFire   . . .        Y - +3 war axe (protect)
rCold   + . .        c - +0 buckler
rNeg    + . .        j - +1 plate armour
rPois   inf          (no helmet)
rElec   +            p - +2 cloak {rPois}
rCorr   .            (no gloves)
SInv    .            (no boots)
Will    .....        o - amulet of faith Stlth
                     a - ring of protection from cold
HPRegen 0.31/turn    r - +6 ring of strength
MPRegen 0.15/turn

%: faith
@: about to teleport, heroic, under a protective aura
A: sickness immunity, AC +8, negative energy resistance 1, electricity
resistance, torment resistance 1, petrification resistance
a: Renounce Religion, Heroism, Finesse, Duel


You were on level 11 of the Dungeon.
You worshipped Okawaru.
Okawaru was extremely pleased with you.
You visited 2 branches of the dungeon, and saw 12 of its levels.

You collected 419 gold pieces.
You spent 152 gold pieces at shops.


Innate Abilities, Weirdness & Mutations

You are immune to sickness and miasma.
Your stone body is resilient. (AC +8)
You are immune to poison.
You resist negative energy. (rN+)
You are resistant to electric shocks. (rElec)
You are resistant to unholy torment.
You are immune to petrification.


   Skills:
 - Level 9.2(14.2) Fighting
 + Level 11.5(16.5) Axes
 - Level 3.0(8.0) Throwing
 - Level 7.4(12.4) Armour
 - Level 2.3(7.3) Dodging
 - Level 5.5(10.5) Shields
 + Level 8.8 Invocations


You had 10 spell levels left.
You didn't know any spells.
Your spell library was empty.

Inventory:

Hand Weapons
 u - a +0 morningstar
 Y - a +3 war axe of protection (weapon)
Missiles
 n - 2 javelins (quivered)
Armour
 c - a +0 buckler (worn)
 j - a +1 plate armour (worn)
 p - a +2 cloak of poison resistance (worn)
Jewellery
 a - a ring of protection from cold (left hand)
 o - an amulet of faith (around neck)
 r - a +6 ring of strength (right hand)
 t - an amulet of regeneration
Wands
 e - a wand of digging (9)
Scrolls
 b - 2 scrolls of identify
 m - 2 scrolls of teleportation
Potions
 d - a potion of might
 g - a potion of mutation
 h - 6 potions of curing
 i - a potion of attraction
 k - a potion of resistance
 l - 2 potions of cancellation {unknown}
 s - a potion of haste

Dungeon Overview and Level Annotations

Branches:
Dungeon (11/15)            Temple (1/1) D:4            Lair (0/5) D:11
    Orc: D:9-12

Altars:
Ashenzari
Cheibriados
Dithmenos
Elyvilon
Fedhas
Gozag
Hepliaklqana
Kikubaaqudgha
Makhleb
Nemelex Xobeh
Okawaru
Qazlal
Ru
Sif Muna
Trog
Uskayaw
Vehumet
Wu Jian
Xom
Yredelemnul
Zin
The Shining One

Shops:
D:1 :   D:2 *   D:6 =   D:8 :


Message History

You slash the gargoyle!
Your weapon exudes an aura of protection.
The gargoyle is moderately damaged.
The gargoyle hurls a stone arrow at you.
The stone arrow hits you!
You hit the gargoyle but do no damage.
The gargoyle is moderately damaged.
The gargoyle hurls a stone arrow at you.
The stone arrow hits you!!
9829 ||| INVOKING Heroism.
You gain the combat prowess of a mighty hero.
The gargoyle hurls a stone arrow at you.
The stone arrow hits you.
You hit the gargoyle but do no damage.
The gargoyle is moderately damaged.
The gargoyle hits you but does no damage.
You hit the gargoyle.
The gargoyle is moderately damaged.
You hit the gargoyle but do no damage.
The gargoyle is moderately damaged.
The gargoyle hurls a stone arrow at you.
The stone arrow hits you but does no damage.
You hit the gargoyle but do no damage.
The gargoyle is moderately damaged.
The gargoyle hurls a stone arrow at you.
The stone arrow hits you but does no damage.
You hit the gargoyle.
The gargoyle is heavily damaged.
You closely miss the gargoyle.
The gargoyle is heavily damaged.
The gargoyle hits you with a +0 morningstar!!
9836 ||| READING 3 scrolls of teleportation.
As you read the scroll of teleportation, it crumbles to dust.
You feel strangely unstable.
The gargoyle hits you with a +0 morningstar.
You hit the gargoyle.
The gargoyle is severely damaged.
The gargoyle hurls a stone arrow at you.
The stone arrow hits you!
You die...

..... .... ...#######
#..#.....# #..#.....#
#..#.....# .......
#..#.....# ......
#..#.....#
#....######..9@..!.#
#....#...(...#######
#....#.............
#....#.............
###....#.......#####.
.......'.......#
.......#.......#
#......#.......#
#......#........#


You could see a gargoyle.

Vanquished Creatures
  5 two-headed ogres
  3 death yaks (D:11)
  Pikel (D:4)
  A manticore (D:11)
  A cyclops (D:11)
  Joseph (D:8)
  Maurice (D:8)
  An unseen horror (D:11)
  2 hornets
  A centaur simulacrum (D:11)
  6 yaks
  A wyvern (D:10)
  A steam dragon (D:8)
  3 water moccasins
  4 ice beasts
  2 orc warriors
  A sky beast (D:7)
  A black bear (D:6)
  An ogre (D:3)
  2 centaurs
  A phantom (D:4)
  A kobold brigand (D:8)
  2 bullfrogs
  3 necrophages (D:8)
  A scorpion (D:6)
  A gnoll sergeant (D:7)
  11 wights
  3 killer bees (D:8)
  An electric eel (D:9)
  11 howler monkeys
  2 centaur zombies (D:8)
  3 hounds
  A human zombie (D:8)
  A jelly (D:6)
  3 gnoll boudas
  3 orc priests
  2 sleepcaps
  Ijyb (D:3)
  3 iguanas
  3 orc wizards
  A mummy (D:8)
  31 gnolls
  2 howler monkey zombies (D:8)
  A river rat (D:4)
  9 adders
  3 white imps
  4 worms
  3 dart slugs
  14 orcs
  5 ball pythons
  6 endoplasms
  4 giant cockroaches
  9 goblins
  5 hobgoblins
  4 jackals (D:4)
  6 quokkas
  4 bats
  4 frilled lizards
  7 kobolds
  9 rats
227 creatures vanquished.

Notes
Turn   | Place    | Note
-------+----------+-------------------------------------------
     0 | D:1      | qw the Gargoyle Fighter began the quest for the Orb.
     0 | D:1      | Reached XP level 1. HP: 14/14 MP: 1/1
     0 | D:1      | 0 ||| qw: Version: 0.2-a-102-gaee6249
     0 | D:1      | 0 ||| qw: Game counter: 367
     0 | D:1      | 0 ||| qw: Always use a shield: true
     0 | D:1      | 0 ||| qw: God list: Okawaru
     0 | D:1      | 0 ||| qw: Allow faded altars: false
     0 | D:1      | 0 ||| qw: Do Orc after D:15 true
     0 | D:1      | 0 ||| qw: Do second Lair branch before Depths: true
     0 | D:1      | 0 ||| qw: Lair rune preference: random
     0 | D:1      | 0 ||| qw: Plans: Normal, Zot:1-4, Slime:5, God:TSO, Crypt,
                  | Tomb, Pan, Hells, Abyss, Win
     0 | D:1      | 0 ||| PLANNING D:1-11
    79 | D:1      | Found Beidghedee's Book Emporium.
   151 | D:1      | Reached skill level 2 in Axes
   404 | D:1      | Reached XP level 2. HP: 19/19 MP: 2/2
   448 | D:1      | 448 ||| Stepping ~*~*~tactically~*~*~ (stealth).
   513 | D:1      | 513 ||| Stepping ~*~*~tactically~*~*~ (stealth).
   557 | D:1      | You fall into a shaft and drop 1 floor!
   593 | D:2      | 593 ||| Stepping ~*~*~tactically~*~*~ (stealth).
   603 | D:2      | 603 ||| Stepping ~*~*~tactically~*~*~ (stealth).
   606 | D:2      | 606 ||| Stepping ~*~*~tactically~*~*~ (stealth).
   608 | D:2      | 608 ||| Stepping ~*~*~tactically~*~*~ (stealth).
   628 | D:2      | 628 ||| UPGRADING to +0 plate armour.
   642 | D:2      | Reached skill level 3 in Axes
   642 | D:2      | Reached XP level 3. HP: 16/23 MP: 3/3
   673 | D:2      | 673 ||| DROPPING +0 scale mail.
   674 | D:2      | 674 ||| READING 2 scrolls labelled ORGHOSK DONWE.
   675 | D:2      | 675 ||| READING scroll labelled YLASYEMEDE.
   676 | D:2      | 676 ||| DROPPING scroll of amnesia.
   754 | D:1      | 754 ||| Stepping ~*~*~tactically~*~*~ (stealth).
  1088 | D:2      | 1088 ||| FLEEEEING.
  1089 | D:2      | 1089 ||| FLEEEEING.
  1090 | D:2      | 1090 ||| FLEEEEING.
  1091 | D:2      | 1091 ||| FLEEEEING.
  1092 | D:2      | 1092 ||| FLEEEEING.
  1115 | D:2      | 1115 ||| Stepping ~*~*~tactically~*~*~ (hiding).
  1264 | D:2      | 1264 ||| Stepping ~*~*~tactically~*~*~ (stealth).
  1277 | D:2      | 1277 ||| FLEEEEING.
  1278 | D:2      | 1278 ||| FLEEEEING.
  1279 | D:2      | 1279 ||| FLEEEEING.
  1280 | D:2      | 1280 ||| FLEEEEING.
  1282 | D:2      | 1282 ||| FLEEEEING.
  1283 | D:2      | 1283 ||| FLEEEEING.
  1284 | D:2      | 1284 ||| FLEEEEING.
  1285 | D:2      | 1285 ||| FLEEEEING.
  1286 | D:2      | 1286 ||| FLEEEEING.
  1446 | D:2      | Found Rirch's Assorted Antiques.
  1449 | D:2      | 1449 ||| BUYING 2 scrolls labelled RAREEH XAEDUMU (62
                  | gold).
  1449 | D:2      | Bought 2 scrolls labelled RAREEH XAEDUMU for 62 gold pieces
  1449 | D:2      | 1449 ||| SHOPLISTING fizzy blue potion (27 gold, have 2).
  1449 | D:2      | 1449 ||| SHOPLISTING scroll labelled ELODDA JAOGE (31 gold,
                  | have 2).
  1449 | D:2      | 1449 ||| SHOPLISTING scroll labelled RAREEH XAEDUMU (31
                  | gold, have 2).
  1449 | D:2      | 1449 ||| SHOPLISTING shimmering mace (248 gold, have 2).
  1449 | D:2      | 1449 ||| SHOPLISTING shiny bone wand (124 gold, have 2).
  1669 | D:2      | 1669 ||| READING 3 scrolls labelled RAREEH XAEDUMU.
  1670 | D:2      | 1670 ||| READING scroll labelled QILEHO PAETSA.
  1671 | D:2      | 1671 ||| READING 2 scrolls of identify.
  1671 | D:2      | 1671 ||| IDENTIFYING fizzy blue potion
  1704 | D:3      | Reached skill level 4 in Axes
  1704 | D:3      | Reached XP level 4. HP: 28/28 MP: 4/4
  1711 | D:3      | 1711 ||| STAIRDANCE
  1777 | D:3      | Identified the +0 ring mail of Divine Creativity {rPois rC+
                  | Will-}
  1802 | D:3      | Noticed Ijyb
  1803 | D:3      | 1803 ||| Stepping ~*~*~tactically~*~*~ (hiding).
  1810 | D:3      | HP: 4/28 [Ijyb/+0 dagger (7)]
  1811 | D:3      | 1811 ||| DRINKING 2 potions of heal wounds.
  1822 | D:3      | Killed Ijyb
  1823 | D:3      | Reached XP level 5. HP: 15/32 MP: 5/5
  2154 | D:3      | Noticed an ogre
  2160 | D:3      | HP: 7/32 [ogre/+0 giant club (11)]
  2161 | D:3      | 2161 ||| DRINKING potion of heal wounds.
  2162 | D:3      | Killed an ogre
  2163 | D:3      | Reached skill level 5 in Axes
  2163 | D:3      | Reached XP level 6. HP: 33/37 MP: 6/6
  2184 | D:3      | 2184 ||| Stepping ~*~*~tactically~*~*~ (stealth).
  2234 | D:3      | 2234 ||| DROPPING +0 mace.
  2449 | D:3      | 2449 ||| READING scroll labelled BOUJIE NUUTH.
  2450 | D:3      | 2450 ||| READING scroll labelled UHYPOACEGGE.
  2451 | D:3      | 2451 ||| READING 2 scrolls labelled FIPNUI DISIA.
  2456 | D:3      | 2456 ||| READING 2 scrolls of identify.
  2456 | D:3      | 2456 ||| IDENTIFYING sapphire potion
  2457 | D:3      | 2457 ||| DROPPING potion of magic.
  2472 | D:4      | 2472 ||| PLANNING SEWER
  2561 | D:4      | Found a staircase to the Ecumenical Temple.
  2895 | D:4      | Found a sand-covered staircase.
  3008 | D:4      | 3008 ||| Stepping ~*~*~tactically~*~*~ (stealth).
  3012 | D:4      | Noticed an ice beast
  3015 | D:4      | Noticed Pikel
  3027 | D:4      | Reached skill level 6 in Axes
  3027 | D:4      | Reached XP level 7. HP: 43/43 MP: 7/7
  3046 | D:4      | Killed Pikel
  3047 | D:4      | Reached skill level 8 in Axes
  3047 | D:4      | Reached XP level 8. HP: 47/48 MP: 8/8
  3256 | D:4      | 3256 ||| Stepping ~*~*~tactically~*~*~ (water).
  3284 | D:4      | Reached skill level 1 in Dodging
  3299 | D:4      | 3299 ||| RIP SEWER
  3299 | D:4      | 3299 ||| RIP OSSUARY
  3299 | D:4      | 3299 ||| PLANNING TEMPLE
  3299 | D:4      | 3299 ||| READING 3 scrolls labelled XOULIL GECUSS.
  3300 | D:4      | 3300 ||| READING 2 scrolls of enchant weapon.
  3300 | D:4      | 3300 ||| ENCHANTING +1 war axe.
  3301 | D:4      | 3301 ||| READING scroll of enchant weapon.
  3301 | D:4      | 3301 ||| ENCHANTING +2 war axe.
  3302 | D:4      | 3302 ||| READING scroll labelled YSAUNL ACRIT.
  3303 | D:4      | 3303 ||| DRINKING 2 dark potions.
  3304 | D:4      | 3304 ||| READING 4 scrolls of identify.
  3304 | D:4      | 3304 ||| IDENTIFYING lumpy puce potion
  3305 | D:4      | 3305 ||| READING 3 scrolls of identify.
  3305 | D:4      | 3305 ||| IDENTIFYING glowing coppery potion
  3306 | D:4      | 3306 ||| READING 2 scrolls of identify.
  3306 | D:4      | 3306 ||| IDENTIFYING coppery potion
  3307 | D:4      | 3307 ||| DROPPING potion of brilliance.
  3308 | D:4      | 3308 ||| DROPPING potion of flight.
  3309 | D:4      | 3309 ||| DROPPING potion of invisibility.
  3379 | Temple   | Entered the Ecumenical Temple
  3529 | Temple   | 3529 ||| PLANNING D:1-11
  3567 | D:5      | Entered Level 5 of the Dungeon
  3585 | D:5      | 3585 ||| Stepping ~*~*~tactically~*~*~ (hiding).
  3599 | D:5      | Reached skill level 1 in Throwing
  3599 | D:5      | 3599 ||| FLEEEEING.
  3600 | D:5      | 3600 ||| FLEEEEING.
  3601 | D:5      | 3601 ||| FLEEEEING.
  3602 | D:5      | 3602 ||| FLEEEEING.
  3603 | D:5      | 3603 ||| FLEEEEING.
  3604 | D:5      | 3604 ||| FLEEEEING.
  3605 | D:5      | 3605 ||| FLEEEEING.
  3606 | D:5      | 3606 ||| FLEEEEING.
  3607 | D:5      | 3607 ||| FLEEEEING.
  3608 | D:5      | 3608 ||| STAIRDANCE
  3741 | D:5      | 3741 ||| Stepping ~*~*~tactically~*~*~ (stealth).
  3743 | D:5      | 3743 ||| Stepping ~*~*~tactically~*~*~ (stealth).
  3823 | D:5      | Found an iron altar of Okawaru.
  3824 | D:5      | 3824 ||| PLANNING OKAWARU WORSHIP
  3824 | D:5      | 3824 ||| UPGRADING to ring of protection from cold.
  3832 | D:5      | Became a worshipper of Warmaster Okawaru
  3832 | D:5      | 3832 ||| PLANNING D:1-11
  3840 | D:5      | 3840 ||| READING scroll of brand weapon.
  3840 | D:5      | 3840 ||| BRANDING +3 war axe of venom.
  3881 | D:5      | 3881 ||| Stepping ~*~*~tactically~*~*~ (stealth).
  3883 | D:5      | 3883 ||| Stepping ~*~*~tactically~*~*~ (hiding).
  3959 | D:5      | Found a shimmering altar of Xom.
  3960 | D:5      | 3960 ||| Stepping ~*~*~tactically~*~*~ (hiding).
  4010 | D:5      | Reached skill level 6 in Fighting
  4134 | D:5      | Found a broken altar of Ashenzari.
  4276 | D:6      | Found Haod's Jewellery Emporium.
  4279 | D:6      | 4279 ||| SHOPLISTING amulet "Ocin Ziucu" {Reflect +Inv
                  | Dex+4 SH+5} (733 gold, have 132).
  4279 | D:6      | 4279 ||| SHOPLISTING ring of fire (350 gold, have 132).
  4279 | D:6      | 4279 ||| SHOPLISTING ring of protection from cold (350
                  | gold, have 132).
  4279 | D:6      | 4279 ||| SHOPLISTING ring of protection from fire (350
                  | gold, have 132).
  4327 | D:6      | 4327 ||| Stepping ~*~*~tactically~*~*~ (stealth).
  4329 | D:6      | 4329 ||| Stepping ~*~*~tactically~*~*~ (hiding).
  4562 | D:6      | Reached * piety under Okawaru
  4563 | D:6      | Reached skill level 9 in Axes
  4563 | D:6      | Reached XP level 9. HP: 52/55 MP: 9/9
  4735 | D:6      | Reached skill level 1 in Invocations
  4864 | D:6      | Found Zin's Purification Station.
  4867 | D:6      | Found a glowing silver altar of Zin.
  4870 | D:6      | 4870 ||| BUYING potion of curing (90 gold).
  4870 | D:6      | Bought a potion of curing for 90 gold pieces
  5084 | D:6      | Found an opulent altar of Gozag.
  5118 | D:6      | 5118 ||| Stepping ~*~*~tactically~*~*~ (hiding).
  5119 | D:6      | 5119 ||| Stepping ~*~*~tactically~*~*~ (hiding).
  5237 | D:6      | Found a stormy altar of Qazlal.
  5239 | D:6      | Found a snail-covered altar of Cheibriados.
  5358 | D:6      | 5358 ||| UPGRADING to amulet of faith.
  5363 | D:6      | 5363 ||| READING 2 scrolls of identify.
  5363 | D:6      | 5363 ||| IDENTIFYING grey potion
  5525 | D:7      | Reached skill level 3 in Invocations
  5549 | D:7      | 5549 ||| DROPPING +0 flail.
  5558 | D:7      | 5558 ||| INVOKING Heroism.
  5764 | D:7      | 5764 ||| INVOKING Heroism.
  5891 | D:7      | Found a radiant altar of Vehumet.
  6010 | D:7      | 6010 ||| Stepping ~*~*~tactically~*~*~ (hiding).
  6012 | D:7      | 6012 ||| INVOKING Heroism.
  6027 | D:7      | Reached ** piety under Okawaru
  6667 | D:8      | Noticed a two-headed ogre
  6668 | D:8      | 6668 ||| INVOKING Heroism.
  6678 | D:8      | Killed a two-headed ogre
  6679 | D:8      | Reached skill level 10 in Axes
  6679 | D:8      | Reached XP level 10. HP: 60/63 MP: 11/13
  6924 | D:8      | Reached *** piety under Okawaru
  6956 | D:8      | Found an ancient bone altar of Kikubaaqudgha.
  6976 | D:8      | Reached skill level 6 in Armour
  6978 | D:8      | 6978 ||| INVOKING Heroism.
  7053 | D:8      | 7053 ||| DROPPING +3 flail.
  7103 | D:8      | 7103 ||| INVOKING Heroism.
  7257 | D:8      | 7257 ||| Stepping ~*~*~tactically~*~*~ (hiding).
  7262 | D:8      | 7262 ||| INVOKING Heroism.
  7267 | D:8      | 7267 ||| Stepping ~*~*~tactically~*~*~ (hiding).
  7268 | D:8      | 7268 ||| Stepping ~*~*~tactically~*~*~ (hiding).
  7269 | D:8      | 7269 ||| Stepping ~*~*~tactically~*~*~ (hiding).
  7290 | D:8      | Reached skill level 3 in Throwing
  7296 | D:8      | Noticed Joseph
  7297 | D:8      | 7297 ||| Stepping ~*~*~tactically~*~*~ (stealth).
  7300 | D:8      | 7300 ||| Stepping ~*~*~tactically~*~*~ (hiding).
  7308 | D:8      | Killed Joseph
  7554 | D:8      | 7554 ||| INVOKING Heroism.
  7622 | D:8      | Found Ojuenyff's Vocational Training.
  7636 | D:8      | Noticed Maurice
  7646 | D:8      | Killed Maurice
  7729 | D:8      | 7729 ||| UPGRADING to +1 cloak of poison resistance.
  7734 | D:8      | 7734 ||| DROPPING amulet of the acrobat.
  7735 | D:8      | 7735 ||| READING scroll labelled ZAUGUS HAUNOLL.
  7736 | D:8      | 7736 ||| READING 2 scrolls of identify.
  7736 | D:8      | 7736 ||| IDENTIFYING red potion
  7818 | D:9      | 7818 ||| INVOKING Heroism.
  7826 | D:9      | Noticed a two-headed ogre
  7829 | D:9      | Noticed a two-headed ogre
  7830 | D:9      | Reached skill level 11 in Axes
  7833 | D:9      | Reached **** piety under Okawaru
  7839 | D:9      | 7839 ||| INVOKING Heroism.
  7843 | D:9      | Noticed a two-headed ogre
  7847 | D:9      | HP: 5/64 [two-headed ogre/+0 giant club (13)]
  7848 | D:9      | 7848 ||| READING 4 scrolls of teleportation.
  7849 | D:9      | 7849 ||| DRINKING 3 potions of heal wounds.
  7850 | D:9      | 7850 ||| DRINKING 2 potions of heal wounds.
  7852 | D:9      | 7852 ||| DRINKING potion of heal wounds.
  7876 | D:9      | 7876 ||| FLEEEEING.
  7877 | D:9      | 7877 ||| FLEEEEING.
  7878 | D:9      | 7878 ||| STAIRDANCE
  7983 | D:8      | 7983 ||| READING scroll labelled OTOEFI XARHOI.
  7984 | D:8      | 7984 ||| DRINKING 2 metallic yellow potions.
  7987 | D:9      | 7987 ||| STAIRDANCE
  7989 | D:8      | 7989 ||| INVOKING Heroism.
  8000 | D:8      | Killed a two-headed ogre
  8001 | D:8      | Reached XP level 11. HP: 29/68 MP: 11/14
  8148 | D:9      | 8148 ||| INVOKING Heroism.
  8161 | D:9      | Killed a two-headed ogre
  8164 | D:9      | 8164 ||| Stepping ~*~*~tactically~*~*~ (stealth).
  8172 | D:9      | Killed a two-headed ogre
  8172 | D:9      | Reached ***** piety under Okawaru
  8173 | D:9      | Reached skill level 6 in Invocations
  8310 | D:9      | Identified the staff of death "Cerphib" {Fly rElec rN+
                  | Will- rCorr}
  8328 | D:9      | Found a white marble altar of Elyvilon.
  8475 | D:9      | 8475 ||| Stepping ~*~*~tactically~*~*~ (stealth).
  8524 | D:9      | 8524 ||| READING scroll of enchant armour.
  8524 | D:9      | 8524 ||| ENCHANTING +1 cloak of poison resistance.
  8546 | D:9      | 8546 ||| INVOKING Heroism.
  8663 | D:9      | 8663 ||| DRINKING 2 purple potions.
  8664 | D:9      | 8664 ||| DROPPING potion of degeneration.
  8687 | D:10     | Entered Level 10 of the Dungeon
  9144 | D:10     | Noticed a two-headed ogre
  9145 | D:10     | 9145 ||| INVOKING Heroism.
  9155 | D:10     | Killed a two-headed ogre
  9156 | D:10     | Reached skill level 9 in Fighting
  9302 | D:10     | Received a gift from Okawaru
  9394 | D:10     | 9394 ||| Stepping ~*~*~tactically~*~*~ (stealth).
  9395 | D:10     | 9395 ||| INVOKING Heroism.
  9397 | D:10     | 9397 ||| Stepping ~*~*~tactically~*~*~ (stealth).
  9398 | D:10     | 9398 ||| Stepping ~*~*~tactically~*~*~ (stealth).
  9453 | D:10     | 9453 ||| DROPPING orb of wrath.
  9454 | D:10     | 9454 ||| UPGRADING to +6 ring of strength.
  9455 | D:10     | 9455 ||| READING scroll labelled LABBETAOLU.
  9508 | D:11     | Noticed a manticore
  9509 | D:11     | 9509 ||| INVOKING Heroism.
  9511 | D:11     | Noticed a death yak
  9516 | D:11     | Noticed a death yak
  9518 | D:11     | Noticed a death yak
  9520 | D:11     | Killed a manticore
  9526 | D:11     | Killed a death yak
  9527 | D:11     | 9527 ||| INVOKING Finesse.
  9534 | D:11     | Killed a death yak
  9534 | D:11     | Received a gift from Okawaru
  9538 | D:11     | 9538 ||| INVOKING Heroism.
  9542 | D:11     | Killed a death yak
  9668 | D:11     | Found a staircase to the Lair.
  9675 | D:11     | Noticed a cyclops
  9676 | D:11     | 9676 ||| INVOKING Heroism.
  9685 | D:11     | Killed a cyclops
  9715 | D:11     | 9715 ||| READING scroll of enchant armour.
  9715 | D:11     | 9715 ||| ENCHANTING +0 plate armour.
  9806 | D:11     | 9806 ||| Stepping ~*~*~tactically~*~*~ (stealth).
  9807 | D:11     | 9807 ||| Stepping ~*~*~tactically~*~*~ (stealth).
  9809 | D:11     | 9809 ||| Stepping ~*~*~tactically~*~*~ (stealth).
  9829 | D:11     | 9829 ||| INVOKING Heroism.
  9835 | D:11     | HP: 11/71 [gargoyle/+0 morningstar (19)]
  9836 | D:11     | 9836 ||| READING 3 scrolls of teleportation.
  9836 | D:11     | HP: 5/71 [gargoyle/+0 morningstar (6)]
  9837 | D:11     | Killed from afar by a gargoyle

Levels and vault maps discovered:
D:1:      mrwooster_arrival_statue_2, layout_loops_corners, serial_shops,
          nicolae_shop_hallway_stairs, serial_bayou_lagoon_a
D:2:      layout_rooms, serial_shops, nicolae_shop_behind_doors
D:3:      kennysheep_six_static_rooms, layout_basic, uniq_ijyb
D:4:      layout_gridville, minmay_temple_entry_waves,
          lightli_ossuary_entry_decrepit_ruins, gup_sewer_entry_spiral,
          uniq_pikel
D:5:      layout_rooms, okawaru_metal_pillars_1_2, evilmike_ruin_ashenzari,
          kennysheep_little_box, kennysheep_nondescript
D:6:      layout_cave_pods, zin_purify, nicolae_overflow_hidden_temple,
          kennysheep_mini_moat, nicolae_stop_n_shop_2, glass_columns_b
D:7:      layout_basic, mainiacjoe_overflow_24_doors, kennysheep_potato
D:8:      layout_gridville, lemuel_mausoleum_altar_kikubaaqudgha,
          nicolae_shop_vocational, uniq_maurice, uniq_joseph
D:9:      layout_basic, lemuel_doored_altar, hangedman_decor_growths
D:10:     layout_basic
D:11:     layout_irregular_city, dpeg_lair_monsters, hangedman_weighted_door,
          grunt_ministairs_10
Temple:   hellmonk_temple_forest_ring

Skill      XL: |  1  2  3  4  5  6  7  8  9 10 11 |
---------------+----------------------------------+-----
Axes           | 2 3 4 5 6 8 9 10 11 | 11.5
Fighting       | 4 6 7 8 9 |  9.2
Dodging        | 1 2 |  2.3
Throwing       | 1 2 3 |  3.0
Armour         | 4 5 7 |  7.4
Invocations    | 4 5 8 |  8.8
Shields        | 4 5 |  5.5

Action                     |  1- 3 |  4- 6 |  7- 9 | 10-12 || total
---------------------------+-------+-------+-------+-------++-------
  Melee: War axe           |   108 |   154 |   283 |   250 ||   795
  Throw: Boomerang         |       |       |    10 |       ||    10
         Javelin           |       |       |     5 |    33 ||    38
 Invoke: Heroism           |       |       |     4 |    15 ||    19
         Finesse           |       |       |       |     1 ||     1
    Use: Scroll            |     5 |     4 |     9 |     8 ||    26
         Potion            |       |     2 |     1 |     5 ||     8
 Armour: Scale mail        |    13 |       |       |       ||    13
         Skin              |     1 |       |       |       ||     1
         Plate armour      |    48 |   112 |   185 |   175 ||   520
  Dodge: Dodged            |    29 |    52 |    71 |    74 ||   226
  Block: Buckler           |    11 |    33 |    49 |    59 ||   152

Table legend:
 A = Non-vault XP
 B = Vault XP
 C = Vault XP percentage of total XP
 D = Non-vault monster count
 E = Vault monster count
 F = Vault count percentage of total count
                 A         B        C        D         E       F
            +---------+---------+-------+---------+---------+-------
      Total |   12321 |    5618 |  31.3 |     189 |      38 |  16.7
            +---------+---------+-------+---------+---------+-------
        D:1 |      30 |       0 |   0.0 |      18 |       0 |   0.0
        D:2 |      47 |       0 |   0.0 |      22 |       0 |   0.0
        D:3 |      72 |     181 |  71.5 |      14 |       7 |  33.3
        D:4 |     484 |     669 |  58.0 |      20 |       9 |  31.0
        D:5 |     383 |       0 |   0.0 |      24 |       0 |   0.0
        D:6 |     844 |       0 |   0.0 |      16 |       0 |   0.0
        D:7 |    1209 |     118 |   8.9 |      22 |       2 |   8.3
        D:8 |    3133 |    1557 |  33.2 |      22 |      14 |  38.9
        D:9 |    2948 |       0 |   0.0 |      18 |       0 |   0.0
       D:10 |    1714 |       0 |   0.0 |      10 |       0 |   0.0
       D:11 |    1457 |    3093 |  68.0 |       3 |       6 |  66.7
            +---------+---------+-------+---------+---------+-------
